 Dungeon Crawl Stone Soup version 0.21.1-1-g345015f (console) character file.

18 erker the Insei (level 2, 0/18 HPs)
             Began as an Octopode Transmuter on Apr 6, 2018.
             Slain by an orc
             ... wielding a +1 short sword of speed
              (3 damage)
             ... on level 2 of the Dungeon.
             The game lasted 00:02:51 (925 turns).

erker the Insei (Octopode Transmuter)                Turns: 925, Time: 00:02:51

Health: 0/18       AC:  1    Str:  9    XL:     2   Next: 70%
Magic:  3/5        EV: 13    Int: 15    God:
Gold:   55         SH:  0    Dex: 12    Spells: 2/5 levels left

rFire    . . .     SeeInvis .     - Unarmed
rCold    . . .     Gourm    .   (no shield)
rNeg     . . .     Faith    .   (helmet restricted)
rPois    .         Spirit   .   (no amulet)
rElec    .         Reflect  .   (no ring)
rCorr    .         Harm     .   (no ring)
MR       .....                  (no ring)
Stlth    +++.......             (no ring)
HPRegen  0.06/turn              (no ring)
MPRegen  0.09/turn              (no ring)
                                (no ring)
                                (no ring)

@: no status effects
A: almost no armour, stealthy swim, amphibious, 8 rings, constrict 8, camouflage
1, gelatinous body 1
a: no special abilities


You were on level 2 of the Dungeon.
You were not hungry.

You visited 1 branch of the dungeon, and saw 2 of its levels.

You collected 55 gold pieces.

Inventory:

Missiles
 a - 27 arrows
Scrolls
 e - a scroll of teleportation {unknown}
 f - a scroll of identify {unknown}
 g - a scroll of fear {unknown}
 h - 2 scrolls of remove curse {unknown}
 j - a scroll of amnesia {unknown}
 k - 2 scrolls of magic mapping {unknown}
 l - a scroll of immolation {unknown}
Potions
 d - 2 potions of curing {unknown}
 i - a potion of resistance {unknown}
Books
 b - a book of Changes

   Spells                             Type                      Level
   a - Beastly Appendage              Transmutation                1
   b - Sticks to Snakes               Transmutation                2
   c - Spider Form                    Transmutation/Poison         3
   d - Ice Form                       Ice/Transmutation            4
   e - Blade Hands                    Transmutation                5
Comestibles
 c - a ration


   Skills:
 + Level 1.0 Fighting
 + Level 2.0 Dodging
 + Level 1.0 Stealth
 + Level 3.3 Unarmed Combat
 + Level 2.2 Spellcasting
 * Level 2.3 Transmutations


You had 2 spell levels left.
You knew the following spells:

 Your Spells              Type           Power        Failure   Level  Hunger
a - Beastly Appendage     Tmut           #.....       9%          1    #......
t - Sticks to Snakes      Tmut           #.......     13%         2    ###....


Dungeon Overview and Level Annotations

Branches:
Dungeon (2/15)

Altars:


Innate Abilities, Weirdness & Mutations

You cannot wear most types of armour.
You are very stealthy in the water. (Stealth+)
You are amphibious.
You can wear up to eight rings at the same time.
You can use your tentacles to constrict eight enemies at once.
Your skin changes colour to match your surroundings (Stealth+).
Your rubbery body absorbs attacks. (AC +1, EV +1)


Message History

Ouch! That really hurt!
* * * LOW HITPOINT WARNING * * *
You release your grip on the orc.
Your transformation is almost over.
There is an open door here.
All of the chunks of flesh in your inventory have rotted away.
Press: ? - help, v - describe, . - travel
Here: an orc, wielding a short sword of speed (severely wounded)
The floor.
Unknown command.
Unknown command.
Unknown command.
Unknown command.
Unknown command.
Your tentacle spike disappears.
Casting: Beastly Appendage
Confirm with . or Enter, or press ? or * to list all spells.
You create a snake!
You now have 27 arrows.
The orc hits you with a short sword of speed.
You die...

.......................
######.#.##.###.#######.
..........#.# #.###
######'#'##'###...#######.# # .
#..........##o........#.####
...###..........##.........#>##..
................##.........#.##.#
..##..)........##l..>...........
#.........S.@o.....#.........
#...........##...###.#.#.#..#
.......#.##+##................
...........................#..#
...##..#..#.##.##........#...#..#
... .........................#..#
## #... .............#####...#...
.#.....#..# #...#..#
.......#..#####.......


You could see an orc, a frilled lizard and a friendly ball python.

Vanquished Creatures
  3 leopard geckos (D:1)
  An orc (D:2)
  A giant cockroach (D:1)
  2 goblins (D:1)
  2 hobgoblins (D:1)
  2 bats (D:1)
  A frilled lizard (D:1)
  A rat (D:1)
13 creatures vanquished.

Notes
Turn   | Place    | Note
-------+----------+-------------------------------------------
     0 | D:1      | erker the Octopode Transmuter began the quest for the Orb.
     0 | D:1      | Reached XP level 1. HP: 13/13 MP: 3/3
   257 | D:1      | Reached XP level 2. HP: 18/18 MP: 3/5
   261 | D:1      | Learned a level 2 spell: Sticks to Snakes
   715 | D:1      | Reached skill level 1 in Stealth
   925 | D:2      | Slain by an orc

Skill      XL: |  1  2 |
---------------+-------+-----
Stealth        | 1 |  1.0
Fighting       | |  1.0
Dodging        | |  2.0
Unarmed Combat | |  3.3
Spellcasting   | |  2.2
Transmutations | |  2.3

Action                   || total
-------------------------++-------
Melee: Unarmed           ||    26
       Constrict         ||     9
       Kick              ||     5
       Tentacles         ||     4
 Cast: Beastly Appendage ||    12
       Sticks to Snakes  ||     1
 Stab: Sleeping          ||     4
Dodge: Dodged            ||    10
